 Dungeon Crawl Stone Soup version 0.31.0-9-g3a7656b989 (webtiles) character file.

Game seed: 14831648588628900287

52 dialectric the Trooper (level 3, -2/29 HPs)
             Began as a Demonspawn Fighter on Jan 24, 2024.
             Succumbed to a goblin's poison
             ... on level 3 of the Dungeon.
             The game lasted 00:01:04 (1087 turns).

dialectric the Trooper (Demonspawn Fighter)         Turns: 1087, Time: 00:01:04

Health: -2/29      AC:  6    Str: 16 (18) XL:     3   Next: 60%
Magic:  3/3        EV: 10    Int:  7 (8)  God:
Gold:   91         SH:  0    Dex: 11 (12) Spells: 2/2 levels left

rFire   . . .        a - +0 trident
rCold   . . .        (no shield)
rNeg    . . .        b - +0 scale mail
rPois   .            (helmet restricted)
rElec   .            (no cloak)
rCorr   .            (no gloves)
SInv    .            (no boots)
Will    .....        (no amulet) Stlth
                     (no ring)
HPRegen 0.24/turn    (no ring)
MPRegen 0.08/turn

%: no passive effects
@: lethally poisoned (-2 -> -29)
A: horns 1, sturdy frame 1
a: no special abilities


You were on level 3 of the Dungeon.
You visited 1 branch of the dungeon, and saw 3 of its levels.

You collected 91 gold pieces.

Inventory:

Hand Weapons
 a - a +0 trident (weapon)
Missiles
 e - 4 poisoned darts (quivered)
 g - a throwing net
Armour
 b - a +0 scale mail (worn)
 c - a +0 buckler
Jewellery
 k - a ring of see invisible
Scrolls
 j - a scroll of identify {unknown}
Potions
 d - a potion of might
 f - a potion of degeneration
 h - a potion of heal wounds {unknown}
 i - a potion of enlightenment {unknown}


   Skills:
 + Level 3.3 Fighting
 + Level 2.7 Polearms
 + Level 3.1 Armour
 * Level 1.0 Dodging
 - Level 2.6 Shields


You had 2 spell levels left.
You didn't know any spells.
Your spell library contained the following spells:

 Spells                   Type           Power      Damage    Failure   Level
 Inner Flame              Hex/Fire       0%         N/A       97%         3
 Flame Wave               Conj/Fire      0%         2d4       100%        4
 Sticky Flame             Fire/Alch      0%         2d4       100%        4


Dungeon Overview and Level Annotations

Branches:
Dungeon (3/15)

Altars:

Shops:
D:2 =


Innate Abilities, Weirdness & Mutations

You have a pair of small horns on your head.
Your movements are slightly less encumbered by armour. (ER -2)


Message History

You puncture the adder!
You headbutt the adder, but do no damage.
The adder is almost dead.
The adder bites you but does no damage. x2
You hit the adder but do no damage. Your headbutt misses the adder.
The adder is almost dead.
The adder bites you but does no damage. The quokka barely misses you.
The goblin barely misses you.
You puncture the adder!
You kill the adder!
The quokka bites you. The goblin hits you but does no damage.
You are poisoned.
You hit the quokka but do no damage.
You feel sick. The quokka barely misses you.
The goblin hits you with a +2 dagger of venom.
You are more poisoned.
The quokka bites you but does no damage.
You closely miss the quokka.
You feel very sick.
The goblin hits you with a +2 dagger of venom.
The quokka misses you.
You miss the quokka. You headbutt the quokka.
The quokka is severely wounded.
You feel sick. The goblin hits you but does no damage.
You are lethally poisoned!
The quokka bites you.
The goblin hits you with a +2 dagger of venom.
You are more poisoned.
The quokka bites you but does no damage.
You completely miss the goblin. Your headbutt misses the goblin.
* * * LOW HITPOINT WARNING * * *
You feel extremely sick.
The quokka bites you but does no damage.
The goblin hits you but does no damage.
You are more poisoned.
Unknown command.
It was a potion of degeneration.
There was something very wrong with that liquid.
You feel weakened.
You feel dopey.
You feel clumsy.
You die...

#. .# . # .. .(
#.#. ..# #....
...#
#..#.#####..#
#....!......#.#
#....@g......#
####r##.#..###
#. .# # #. .#
#. .# #: .# #.
.# #? .#


You could see a quokka and a goblin.

Vanquished Creatures
  An adder (D:3)
  A ribbon worm (D:2)
  2 dart slugs (D:2)
  4 bats
  4 endoplasms (D:1)
  A giant cockroach (D:2)
  4 goblins
  2 hobgoblins (D:1)
  2 jackals (D:1)
  5 kobolds
  2 quokkas
  3 ball pythons (D:1)
  A rat (D:1)
32 creatures vanquished.

Notes
Turn   | Place    | Note
-------+----------+-------------------------------------------
     0 | D:1      | dialectric the Demonspawn Fighter began the quest for the
                  | Orb.
     0 | D:1      | Reached XP level 1. HP: 18/18 MP: 1/1
   306 | D:1      | Gained mutation: You have a pair of small horns on your
                  | head. [demonic ancestry]
   306 | D:1      | Reached XP level 2. HP: 24/24 MP: 2/2
   687 | D:1      | Gained mutation: Your movements are slightly less
                  | encumbered by armour. (ER -2) [demonic ancestry]
   687 | D:1      | Reached XP level 3. HP: 29/29 MP: 3/3
   821 | D:2      | Found Vumiax's Jewellery Shop.
   831 | D:2      | Reached skill level 1 in Dodging
   869 | D:2      | Identified the +2 robe of Gravity {-Tele rN+ Regen+
                  | Archmagi}
  1087 | D:3      | Succumbed to a goblin's poison

Illustrated notes

Levels and vault maps discovered:
D:1:      eino_arrival_cavern_c, layout_basic, minmay_unequal
D:2:      layout_loops_ring, serial_shops, shop, dk_vineyard_3
D:3:      layout_loops_ring, nicolae_uskayaw_suspiria, lemuel_blue_sif_altar,
          fedhas_altar_1, uniq_crazy_yiuf_cottage

Skill      XL: |  1  2  3 |
---------------+----------+-----
Polearms       | 2 |  2.7
Armour         | 3 |  3.1
Dodging        | 1 |  1.0
Fighting       | |  3.3
Shields        | |  2.6

Action                     || total
---------------------------++-------
  Melee: Trident           ||    98
         Headbutt          ||    18
    Use: Potion            ||     1
 Armour: Scale mail        ||    57
  Dodge: Dodged            ||    38
